 Dungeon Crawl Stone Soup version 0.26-a0-665-gefeb406119 (webtiles) character file.

Game seed: 6531903635747352702

3283 jasper the Carver (level 10, -9/46 HPs)
             Began as a Vine Stalker Gladiator on Oct 13, 2020.
             Was a Follower of Makhleb.
             Mangled by Gastronok (28 damage)
             ... on level 8 of the Dungeon.
             The game lasted 00:14:03 (5956 turns).

jasper the Carver (Vine Stalker Gladiator)          Turns: 5956, Time: 00:14:03

Health: -9/46      AC: 10    Str: 17    XL:     10   Next: 0%
Magic:  0/11       EV: 12    Int:  8    God:    Makhleb [*.....]
Gold:   191        SH:  0    Dex: 19    Spells: 7/9 levels left

rFire    + . .     SeeInvis +   k - +0 dagger (venom)
rCold    . . .     Faith    .   (no shield)
rNeg     . . .     Spirit   +   g - +0 ring mail
rPois    .         Reflect  .   c - +1 helmet
rElec    .         Harm     .   Q - +1 cloak
rCorr    .         Rampage  .   x - +0 pair of gloves
MR       +....                  (no boots)
Stlth    +.........             (no amulet)
HPRegen  0.55/turn              I - ring of see invisible
MPRegen  0.12/turn              A - ring of protection from fire

@: no status effects
A: fangs 3, regeneration 1, magic shield, antimagic bite, no potion heal 3, rot
immunity
a: Renounce Religion


You were on level 8 of the Dungeon.
You worshipped Makhleb.
Makhleb was aware of your devotion.
You visited 2 branches of the dungeon, and saw 10 of its levels.

You collected 469 gold pieces.
You spent 278 gold pieces at shops.

Inventory:

Hand Weapons
 a - a +0 long sword
 i - a +0 dagger
 k - a +0 dagger of venom (weapon)
 v - a +2 spectral club
 B - a +0 dagger of venom
 L - a +2 vorpal long sword
Missiles
 h - 106 stones (quivered)
Armour
 b - a +0 leather armour
 c - a +1 helmet (worn)
 g - a +0 ring mail (worn)
 o - a +0 cloak
 r - a +0 helmet
 x - a +0 pair of gloves (worn)
 Q - a +1 cloak (worn)
Jewellery
 n - an uncursed ring of resist corrosion
 A - a ring of protection from fire (right hand)
 I - a ring of see invisible (left hand)
Wands
 j - a wand of enslavement (10)
 w - a wand of disintegration (7)
 y - a wand of random effects (7)
 O - a wand of acid (11)
Scrolls
 d - 2 scrolls of immolation
 e - 3 scrolls of remove curse
 f - a scroll of fog
 l - 2 scrolls of fear
 p - 4 scrolls of teleportation
 q - a scroll of enchant armour
 s - 3 scrolls of enchant weapon {unknown}
 t - 5 scrolls of identify {unknown}
 u - 2 scrolls of magic mapping {unknown}
 G - a scroll of blinking {unknown}
 P - 3 scrolls of noise {unknown}
Potions
 m - 4 potions of heal wounds
 z - a potion of resistance {unknown}
 C - 2 potions of degeneration {unknown}
 D - a potion of might {unknown}
 E - 2 potions of lignification {unknown}
 F - a potion of flight {unknown}
 H - 2 potions of mutation {unknown}
 J - 3 potions of haste {unknown}
 K - a potion of curing {unknown}
 N - a potion of brilliance {unknown}
Miscellaneous
 M - a condenser vane (inert)


   Skills:
 - Level 1.7 Fighting
 + Level 12.5 Long Blades
 - Level 1.7 Throwing
 - Level 2.4 Dodging


You had 7 spell levels left.
You knew the following spells:

 Your Spells              Type           Power        Failure   Level
a - Blink                 Tloc           N/A          77%         2

Your spell library contained the following spells:

 Spells                   Type           Power        Failure   Level
 Magic Dart               Conj           #...         63%         1
 Call Imp                 Summ           #.......     77%         2
 Slow                     Hex            #.......     77%         2
 Conjure Flame            Conj/Fire      #.......     94%         3
 Mephitic Cloud           Conj/Pois/Air  #.......     94%         3


Dungeon Overview and Level Annotations

Branches:
Dungeon (9/15)             Temple (1/1) D:6
   Lair: D:8-11         Orc: D:9-12

Altars:
Ashenzari
Cheibriados
Dithmenos
Elyvilon
Fedhas
Gozag
Hepliaklqana
Kikubaaqudgha
Makhleb
Nemelex Xobeh
Okawaru
Qazlal
Ru
Sif Muna
Trog
Uskayaw
Vehumet
Wu Jian
Xom
Zin
The Shining One

Shops:
D:4 ?   D:8 }

Annotations:
D:4 Dowan, Duvessa, Ijyb
D:8 Gastronok
D:9 1 transporter


Innate Abilities, Weirdness & Mutations

You have razor-sharp teeth.
Your natural rate of healing is unusually fast.
When hurt, damage is shared between your health and your magic reserves.
Your bite disrupts and absorbs the magic of your enemies.
Potions cannot restore your health.
You are immune to rotting.


Message History

Gastronok is moderately wounded.
The bat barely misses you. Gastronok bites you!!
You take 17 damage, and have 15/46 hp.
MASSIVE DAMAGE!!
You now have 5/11 mp.
You are too injured to fight recklessly!
You are too injured to fight recklessly!
The bat hits you but does no damage. The bat hits you but does no damage.
Gastronok mumbles some strange words.
Gastronok puts on a burst of speed!
The bat misses you. The bat hits you but does no damage.
The bat hits you but does no damage.
A bat is nearby!
The bat hits you. The bat hits you but does no damage. The bat misses you.
The bat barely misses you. The bat hits you. Gastronok bites you!!
Ouch! That really hurt!
You die...

..#...#.........#....##..###.....
..##............#...........###..
...#....#.......###..............
#.......#.................##.....
........####..<..#.#..........>g.
#.......# ##...................##
........###......#.#.............
#........###...jb..........[...#†
.........##...##@.............###
#........###.###................#
†...........j.##.............#...
....##..#.#.#.........##.....#...
....###........##......##........
#...####..#.#......#.....♣.......
##............#..####..♣.∩.♣.....
.#...........##...####.##♣..[....
.............#..........##..÷....


You could see Gastronok (swift, extremely poisoned) and a bat (summoned).

Vanquished Creatures
  A two-headed ogre (D:8)
  Maurice (D:8)
  Grinder (D:3)
  A yak (D:7)
  2 sky beasts (D:6)
  2 orc warriors (D:7)
  2 ice beasts
  A big kobold (D:9)
  3 bullfrogs
  A water moccasin skeleton (D:6)
  3 killer bees (D:8)
  3 wights (D:8)
  A bullfrog zombie (D:8)
  3 hounds
  5 orc priests
  2 bullfrog skeletons
  A jelly (D:8)
  2 centaur skeletons
  Jessica (D:3)
  A gnoll shaman (D:8)
  An iguana (D:6)
  4 worker ants
  A hound skeleton (D:5)
  8 gnolls
  4 adders
  A shadow imp (D:5)
  A white imp (D:5)
  3 adder skeletons
  A worm (D:3)
  4 dart slugs
  3 leopard geckos
  18 orcs
  A ball python (D:1)
  6 giant cockroaches
  3 goblins
  9 hobgoblins
  11 jackals
  11 kobolds
  2 quokkas (D:9)
  A ball python skeleton (D:5)
  5 bats
  4 frilled lizards
  A leopard gecko zombie (D:5)
  4 rats (D:1)
144 creatures vanquished.

Vanquished Creatures (others)
  A dart slug (D:1)
1 creature vanquished.

Grand Total: 145 creatures vanquished

Notes
Turn   | Place    | Note
-------+----------+-------------------------------------------
     0 | D:1      | jasper the Vine Stalker Gladiator began the quest for the
                  | Orb.
     0 | D:1      | Reached XP level 1. HP: 11/11 MP: 2/2
    55 | D:1      | Reached skill level 3 in Long Blades
   137 | D:1      | Reached XP level 2. HP: 11/15 MP: 3/3
   735 | D:1      | Reached XP level 3. HP: 18/18 MP: 4/4
  1038 | D:2      | Reached skill level 4 in Long Blades
  1207 | D:2      | You fall into a shaft and drop 2 floors!
  1222 | D:4      | Gained mutation: Your natural rate of healing is unusually
                  | fast. [Vine Stalker growth]
  1222 | D:4      | Reached XP level 4. HP: 23/23 MP: 5/5
  1239 | D:4      | Found Dolathuq's Magic Scroll Boutique.
  1245 | D:4      | Learned a level 2 spell: Blink
  1292 | D:4      | Bought a scroll of fear for 42 gold pieces
  1292 | D:4      | Bought a scroll of teleportation for 36 gold pieces
  1367 | D:3      | Reached skill level 5 in Long Blades
  1367 | D:3      | Reached XP level 5. HP: 10/26 MP: 3/6
  1486 | D:3      | Noticed Grinder
  1541 | D:3      | Killed Grinder
  1541 | D:3      | Reached skill level 6 in Long Blades
  1541 | D:3      | Reached XP level 6. HP: 4/30 MP: 1/7
  2077 | D:3      | Noticed Jessica
  2081 | D:3      | Killed Jessica
  2592 | D:4      | Noticed Ijyb
  2592 | D:4      | Noticed Duvessa
  2592 | D:4      | Noticed Dowan
  2684 | D:5      | Entered Level 5 of the Dungeon
  2741 | D:5      | Reached skill level 7 in Long Blades
  2741 | D:5      | Reached XP level 7. HP: 27/34 MP: 5/8
  2999 | D:5      | Found a shimmering altar of Xom.
  3565 | D:6      | Found a staircase to the Ecumenical Temple.
  3574 | Temple   | Entered the Ecumenical Temple
  3745 | Temple   | Became a worshipper of Makhleb the Destroyer
  3872 | D:6      | Reached skill level 8 in Long Blades
  3894 | D:6      | Gained mutation: You have razor-sharp teeth. [Vine Stalker
                  | growth]
  3894 | D:6      | Reached XP level 8. HP: 38/38 MP: 9/9
  3900 | D:6      | Found an ancient bone altar of Kikubaaqudgha.
  4183 | D:6      | Reached skill level 9 in Long Blades
  4611 | D:7      | Noticed a yak
  4611 | D:7      | Noticed a yak
  4612 | D:7      | Noticed a yak
  4639 | D:7      | Killed a yak
  4837 | D:7      | Reached skill level 10 in Long Blades
  5114 | D:8      | Found Fosseiz's Gadget Shop.
  5132 | D:8      | Reached XP level 9. HP: 42/42 MP: 10/10
  5193 | D:8      | Reached * piety under Makhleb
  5257 | D:8      | Bought a condenser vane (2/2) for 200 gold pieces
  5286 | D:8      | Found a white marble altar of Elyvilon.
  5346 | D:8      | Reached skill level 11 in Long Blades
  5524 | D:8      | Noticed a two-headed ogre
  5525 | D:8      | Noticed Maurice
  5552 | D:8      | Killed a two-headed ogre
  5552 | D:8      | Reached skill level 12 in Long Blades
  5553 | D:8      | Noticed Gastronok
  5654 | D:9      | Found an ornate altar of the Wu Jian Council.
  5654 | D:9      | Found a broken altar of Ashenzari.
  5654 | D:9      | Found an opulent altar of Gozag.
  5658 | D:9      | Found a transporter.
  5669 | D:9      | Noticed a two-headed ogre
  5839 | D:8      | Killed Maurice
  5839 | D:8      | Reached XP level 10. HP: 19/46 MP: 11/11
  5956 | D:8      | Mangled by Gastronok

Illustrated notes

Levels and vault maps discovered:
D:1:      giann_forest_graveyard, layout_rooms
D:2:      layout_basic, chequers_ecumenical_altar_simple_redux,
          minmay_fractal_squares_5
D:3:      layout_basic, uniq_jessica, uniq_grinder
D:4:      layout_rooms, serial_shops, nicolae_shop_stone,
          nicolae_shop_statue_plus, kennysheep_little_box,
          minmay_misc_feat_hallway, uniq_ijyb, uniq_duvessa
D:5:      layout_basic, xom_butterflies
D:6:      layout_cave_pools, old_standard_altar, minmay_temple_entry_waves,
          minmay_splitting_lines
D:7:      layout_basic, chequers_serial_rivers_micro_d
D:8:      layout_cave_pools, serial_shops, nicolae_shop_trees, basic_altar,
          serial_glass, glass_columns_a, glass_columns_a, glass_columns_a,
          glass_columns_c, glass_columns_a, kennysheep_small_square,
          uniq_maurice, uniq_gastronok
D:9:      layout_roguey, yredelemnul_forgotten_temple_becter,
          gammafunk_temple_overflow_arena, basic_altar,
          nicolae_underground_beach
Temple:   eino_temple_scatter_basement

Skill      XL: |  1  2  3  4  5  6  7  8  9 |
---------------+----------------------------+-----
Long Blades    | 3 4 5 6 7 8 10 12 | 12.5
Fighting       | |  1.7
Throwing       | |  1.7
Dodging        | |  2.4

Action                   |  1- 3 |  4- 6 |  7- 9 | 10-12 || total
-------------------------+-------+-------+-------+-------++-------
Melee: Long sword        |    51 |       |   181 |       ||   232
       Bite              |    45 |    49 |   116 |     7 ||   217
       Dagger            |    62 |   142 |    60 |    12 ||   276
       Club              |       |    12 |       |       ||    12
Throw: Throwing net      |     1 |     3 |       |       ||     4
       Stone             |       |     2 |    19 |       ||    21
Evoke: Wand              |       |       |     6 |     1 ||     7
       Condenser vane    |       |       |     2 |       ||     2
  Use: Potion            |       |       |     1 |       ||     1
       Scroll            |       |       |     4 |       ||     4
 Stab: Held in net/web   |       |     1 |       |       ||     1
       Confused          |       |       |     2 |       ||     2
Armor: Leather armour    |     9 |       |       |       ||     9
       Ring mail         |    33 |    39 |    76 |     6 ||   154
Dodge: Dodged            |    96 |    72 |   141 |     5 ||   314
       Rpst.: Long sword |    13 |       |    35 |       ||    48

Table legend: (Time is in decaauts)
 A = Elapsed time spent in this place.
 B = Non-inter-level travel time spent in this place.
 C = Inter-level travel time spent in this place.
 D = Time resting spent in this place.
 E = Time spent auto-exploring this place.
 F = Levels seen in this place.
 G = Mean time per level.
                   A        B        C        D        E       F      G
               +--------+--------+--------+--------+--------+-----+--------+
         Total |   5898 |   5759 |    139 |    394 |   4100 |  10 |  589.8 |
       Dungeon |   5717 |   5586 |    131 |    394 |   3941 |   9 |  635.2 |
        Temple |    180 |    172 |      8 |      0 |    159 |   1 |  180.0 |
               +--------+--------+--------+--------+--------+-----+--------+

Top non-repeatable levels by time:
     D:3: 1317 daAuts
     D:1: 1034 daAuts
     D:5: 875 daAuts
     D:8: 742 daAuts
     D:7: 652 daAuts
     D:6: 637 daAuts
  Temple: 180 daAuts
     D:2: 177 daAuts
     D:4: 142 daAuts
     D:9: 137 daAuts
